Connexion

Sound Tigers vs Crunch

Created - 23 avril 2024 at 05:49

Goals
1 2 3 T
Sound Tigers 2 2 1 5
Crunch 3 0 0 3
Shots
1 2 3 T
Sound Tigers 6 8 8 22
Crunch 26 6 9 41

GoalsPenalties
1st period
1. Crunch , Connor Corcoran 2 (Thomas Tynan 5, Axel Andersson 4) at 2:32
2. Crunch , Jaycob Megna 1 (Patrick Harper 1, Garnet Hathaway 3) at 5:53
3. Sound Tigers , Eric Staal 3 (Lukas Sedlak 6, Ashton Sautner 3) at 10:21
4. Crunch , Garnet Hathaway 2 (Patrick Harper 2, Axel Andersson 5) at 14:29
5. Sound Tigers , Rourke Chartier 4 (Ashton Sautner 4) at 17:20
Christian Wolanin (BRP) for Holding (Minor) at 19:46
2nd period
6. Sound Tigers , Christian Wolanin 4 (Zach Bogosian 4) at 11:28 (PP)
7. Sound Tigers , Markus Phillips 1 (Martin Pospisil 1, Trevor Van Riemsdyk 1) at 18:30
Jaycob Megna (SYR) for Tripping (Minor) at 11:04
3rd period
8. Sound Tigers , Christian Wolanin 5 (Jaret Anderson-Dolan 2, Valentin Zykov 2) at 17:39 (PP)
Axel Andersson (SYR) for Tripping (Minor) at 16:32
Goalie Stats
Brandon Bussi (BRP), 38 saves from 41 shots - (0,927), W, 5-1-0, 60:00 minutes
Tyler Parsons (SYR), 17 saves from 22 shots - (0,773), L, 4-3-0, 60:00 minutes
3 StarsOfficial
1 - Garnet Hathaway (SYR)
2 - Christian Wolanin (BRP)
3 - Ashton Sautner (BRP)
Referees : Jean Hebert and Rob Shick
Linesman : Vaughan Rody and Andy McElman
Game Note
Connor Corcoran is injured at 15:45 of 1st period (Right Forearm)
Finance
Level 1 -- Attendance: 2000 (100,00%) -- Ticket Income $40,000
Level 2 -- Attendance: 1000 (100,00%) -- Ticket Income $15,000
Total Attendance: 3000 (100,00%)
Total Ticket Income: $55,000
Other Income: $11,000
Total Income: $66,000



Team Name Goals Shots Shots Attemp Shots Blocked PIM HIT PP PK FO%
Sound Tigers 5224962142 / 2 (100%)048%
Crunch 3416594210 / 1 (0%)252%

Sound Tigers
Player Name POS G A P +/- PIM HIT SHT SB MP PP MP PP SHT PK MP PK SHT FO% FOT
Ashton SautnerD0221001224:300:4710:5400% 0
Brett RitchieRW0000010013:120:0000:000100% 1
Christian WolaninD202-1214119:040:4430:0000% 0
Eric StaalC/LW101-1002018:140:5900:44050% 20
Jack KopackaLW0000001013:120:0000:0000% 1
Jaret Anderson-DolanC011-1025017:030:3200:0000% 1
Jesper FasthLW/RW0000000121:190:3200:440100% 1
Jimmy VeseyLW/RW000100107:590:0001:1500% 1
Lukas SedlakC/LW011-1011118:450:5901:15075% 4
Markus PhillipsD1010001016:250:0001:0500% 0
Martin PospisilC011102006:440:0000:00014% 7
Rourke ChartierC1010003020:030:0000:00050% 30
Ryan MacInnisC0000001013:120:0000:00056% 16
Travis DermottD0001011024:200:4700:4400% 0
Trevor Van RiemsdykD0110010115:200:0000:0000% 0
Tyler PitlickC/RW0000030021:020:5900:0000% 2
Valentin ZykovLW/RW011100107:160:3200:000100% 1
Zach BogosianD011-1020020:200:4401:1500% 0
Crunch
Player Name POS G A P +/- PIM HIT SHT SB MP PP MP PP SHT PK MP PK SHT FO% FOT
Austin StrandD000-1002224:050:5100:0000% 0
Axel AnderssonD0222211119:081:0800:0000% 0
Blaine ByronC/LW0001004019:210:5100:430100% 1
Blake McLaughlinC/LW000-200028:190:0000:0000% 1
Connor CorcoranD101200104:390:0000:0000% 0
Garnet HathawayRW1122007115:460:0000:5100% 0
Jaycob MegnaD101-1261227:470:5100:1600% 0
Jean-Christophe BeaudinC/RW0001027118:570:5501:060100% 3
Kody ClarkRW000-200109:400:1300:2600% 1
Mason ShawC/LW000-1003018:091:0800:0000% 0
Mike VecchioneC/RW000-3003025:071:0800:00043% 7
Mikko KokkonenD000-1020021:240:5500:4900% 0
Nicolas Aube-KubelRW000001101:470:5110:1600% 0
Patrick HarperC/LW0222004014:550:0000:00042% 19
Paul BittnerLW0002030014:550:0000:00067% 3
Riley NashC000-1044018:450:0000:24063% 27
Thomas TynanC0111022018:030:5100:16043% 23
Xavier BouchardD000-1000017:400:1300:5700% 0



Play-by-Play

1st period


0:01 of 1st period - Riley Nash wins face-off versus Rourke Chartier in neutral zone.
0:38 of 1st period - Shot by Austin Strand.
0:38 of 1st period - Stopped by Brandon Bussi without a rebound.
0:39 of 1st period - Eric Staal wins face-off versus Thomas Tynan in Sound Tigers zone.
0:51 of 1st period - Shot by Lukas Sedlak.
0:51 of 1st period - Deflect By Jaret Anderson-Dolan.
0:51 of 1st period - Stopped by Tyler Parsons without a rebound.
0:52 of 1st period - Paul Bittner wins face-off versus Ryan MacInnis in Crunch zone.
0:54 of 1st period - Icing by Mikko Kokkonen.
0:55 of 1st period - Ryan MacInnis wins face-off versus Patrick Harper in Crunch zone.
0:55 of 1st period - Ryan MacInnis is hit by Mikko Kokkonen.
1:04 of 1st period - Icing by Xavier Bouchard.
1:05 of 1st period - Eric Staal wins face-off versus Paul Bittner in Crunch zone.
1:09 of 1st period - Icing by Mikko Kokkonen.
1:10 of 1st period - Valentin Zykov wins face-off versus Patrick Harper in Crunch zone.
1:13 of 1st period - Shot by Martin Pospisil.
1:13 of 1st period - Shot Misses the Net.
1:15 of 1st period - Shot by Ashton Sautner.
1:15 of 1st period - Shot Misses the Net.
1:32 of 1st period - Martin Pospisil is hit by Mikko Kokkonen and loses puck.
2:15 of 1st period - Thomas Tynan is hit by Christian Wolanin and loses puck.
2:30 of 1st period - Shot by Thomas Tynan.
2:30 of 1st period - Shot Misses the Net.
2:32 of 1st period - Shot by Connor Corcoran.
2:32 of 1st period - Goal by Connor Corcoran - Sound Tigers : 0 - Crunch : 1.
2:33 of 1st period - Riley Nash wins face-off versus Tyler Pitlick in neutral zone.
2:44 of 1st period - Shot by Riley Nash.
2:44 of 1st period - Stopped by Brandon Bussi with a rebound.
2:58 of 1st period - Off-side.
2:59 of 1st period - Patrick Harper wins face-off versus Ryan MacInnis in neutral zone.
3:02 of 1st period - Jack Kopacka is hit by Paul Bittner and loses puck.
3:57 of 1st period - Icing by Christian Wolanin.
3:58 of 1st period - Thomas Tynan wins face-off versus Ryan MacInnis in Sound Tigers zone.
4:04 of 1st period - Off-side.
4:05 of 1st period - Riley Nash wins face-off versus Rourke Chartier in neutral zone.
4:30 of 1st period - Shot by Mason Shaw.
4:30 of 1st period - Stopped by Brandon Bussi with a rebound.
4:32 of 1st period - Shot by Austin Strand.
4:32 of 1st period - Shot Blocked by Ashton Sautner.
4:34 of 1st period - Shot by Riley Nash.
4:34 of 1st period - Stopped by Brandon Bussi with a rebound.
4:36 of 1st period - Shot by Jaycob Megna.
4:36 of 1st period - Shot Misses the Net.
4:38 of 1st period - Shot by Mike Vecchione.
4:38 of 1st period - Stopped by Brandon Bussi with a rebound.
4:40 of 1st period - Shot by Riley Nash.
4:40 of 1st period - Stopped by Brandon Bussi without a rebound.
4:41 of 1st period - Thomas Tynan wins face-off versus Eric Staal in Sound Tigers zone.
5:00 of 1st period - Shot by Eric Staal.
5:00 of 1st period - Deflect By Jaret Anderson-Dolan.
5:00 of 1st period - Shot Misses the Net.
5:43 of 1st period - Shot by Garnet Hathaway.
5:43 of 1st period - Stopped by Brandon Bussi with a rebound.
5:49 of 1st period - Shot by Garnet Hathaway.
5:49 of 1st period - Shot Misses the Net.
5:51 of 1st period - Shot by Patrick Harper.
5:51 of 1st period - Shot Misses the Net.
5:53 of 1st period - Shot by Jaycob Megna.
5:53 of 1st period - Goal by Jaycob Megna - Sound Tigers : 0 - Crunch : 2.
5:54 of 1st period - Rourke Chartier wins face-off versus Riley Nash in neutral zone.
6:05 of 1st period - Riley Nash is hit by Tyler Pitlick and loses puck.
6:39 of 1st period - Icing by Ashton Sautner.
6:40 of 1st period - Rourke Chartier wins face-off versus Thomas Tynan in Sound Tigers zone.
6:51 of 1st period - Shot by Blaine Byron.
6:51 of 1st period - Stopped by Brandon Bussi without a rebound.
6:52 of 1st period - Ryan MacInnis wins face-off versus Patrick Harper in Sound Tigers zone.
7:34 of 1st period - Off-side.
7:35 of 1st period - Riley Nash wins face-off versus Eric Staal in neutral zone.
7:52 of 1st period - Icing by Mike Vecchione.
7:53 of 1st period - Riley Nash wins face-off versus Rourke Chartier in Crunch zone.
7:53 of 1st period - Riley Nash is hit by Tyler Pitlick.
8:34 of 1st period - Shot by Rourke Chartier.
8:34 of 1st period - Stopped by Tyler Parsons with a rebound.
8:43 of 1st period - Icing by Austin Strand.
8:44 of 1st period - Riley Nash wins face-off versus Eric Staal in Crunch zone.
9:05 of 1st period - Shot by Jean-Christophe Beaudin.
9:05 of 1st period - Stopped by Brandon Bussi without a rebound.
9:06 of 1st period - Paul Bittner wins face-off versus Martin Pospisil in Sound Tigers zone.
9:11 of 1st period - Shot by Paul Bittner.
9:11 of 1st period - Shot Misses the Net.
9:13 of 1st period - Shot by Patrick Harper.
9:13 of 1st period - Stopped by Brandon Bussi with a rebound.
9:17 of 1st period - Shot by Garnet Hathaway.
9:17 of 1st period - Deflect By Paul Bittner.
9:17 of 1st period - Shot Misses the Net.
9:19 of 1st period - Shot by Garnet Hathaway.
9:19 of 1st period - Shot Hit the Post.
9:26 of 1st period - Shot by Garnet Hathaway.
9:26 of 1st period - Stopped by Brandon Bussi without a rebound.
9:27 of 1st period - Thomas Tynan wins face-off versus Eric Staal in Sound Tigers zone.
9:30 of 1st period - Shot by Jean-Christophe Beaudin.
9:30 of 1st period - Stopped by Brandon Bussi without a rebound.
9:31 of 1st period - Thomas Tynan wins face-off versus Rourke Chartier in Sound Tigers zone.
9:34 of 1st period - Shot by Blaine Byron.
9:34 of 1st period - Stopped by Brandon Bussi with a rebound.
9:36 of 1st period - Shot by Connor Corcoran.
9:36 of 1st period - Shot Misses the Net.
9:38 of 1st period - Shot by Thomas Tynan.
9:38 of 1st period - Stopped by Brandon Bussi without a rebound.
9:39 of 1st period - Rourke Chartier wins face-off versus Thomas Tynan in Sound Tigers zone.
9:39 of 1st period - Rourke Chartier is hit by Thomas Tynan.
9:45 of 1st period - Shot by Jean-Christophe Beaudin.
9:45 of 1st period - Stopped by Brandon Bussi without a rebound.
9:46 of 1st period - Eric Staal wins face-off versus Blake McLaughlin in Sound Tigers zone.
9:53 of 1st period - Shot by Jaret Anderson-Dolan.
9:53 of 1st period - Shot Blocked by Blake McLaughlin.
9:56 of 1st period - Lukas Sedlak is hit by Jaycob Megna and loses puck.
10:01 of 1st period - Shot by Lukas Sedlak.
10:01 of 1st period - Shot Blocked by Blake McLaughlin.
10:03 of 1st period - Shot by Lukas Sedlak.
10:03 of 1st period - Shot Misses the Net.
10:11 of 1st period - Shot by Eric Staal.
10:11 of 1st period - Deflect By Jaret Anderson-Dolan.
10:11 of 1st period - Shot Blocked by Austin Strand.
10:13 of 1st period - Shot by Eric Staal.
10:13 of 1st period - Stopped by Tyler Parsons with a rebound.
10:15 of 1st period - Shot by Eric Staal.
10:15 of 1st period - Shot Blocked by Jaycob Megna.
10:21 of 1st period - Shot by Lukas Sedlak.
10:21 of 1st period - Deflect By Eric Staal.
10:21 of 1st period - Goal by Eric Staal - Sound Tigers : 1 - Crunch : 2.
10:22 of 1st period - Blaine Byron wins face-off versus Rourke Chartier in neutral zone.
10:25 of 1st period - Shot by Jean-Christophe Beaudin.
10:25 of 1st period - Stopped by Brandon Bussi with a rebound.
10:49 of 1st period - Off-side.
10:50 of 1st period - Ryan MacInnis wins face-off versus Patrick Harper in neutral zone.
11:11 of 1st period - Shot by Patrick Harper.
11:11 of 1st period - Stopped by Brandon Bussi with a rebound.
11:36 of 1st period - Icing by Ryan MacInnis.
11:37 of 1st period - Ryan MacInnis wins face-off versus Riley Nash in Sound Tigers zone.
11:59 of 1st period - Icing by Austin Strand.
12:00 of 1st period - Riley Nash wins face-off versus Rourke Chartier in Crunch zone.
12:09 of 1st period - Shot by Austin Strand.
12:09 of 1st period - Stopped by Brandon Bussi without a rebound.
12:10 of 1st period - Lukas Sedlak wins face-off versus Thomas Tynan in Sound Tigers zone.
12:43 of 1st period - Shot by Thomas Tynan.
12:43 of 1st period - Shot Misses the Net.
12:45 of 1st period - Shot by Thomas Tynan.
12:45 of 1st period - Deflect By Blaine Byron.
12:45 of 1st period - Stopped by Brandon Bussi without a rebound.
12:46 of 1st period - Rourke Chartier wins face-off versus Riley Nash in Sound Tigers zone.
13:12 of 1st period - Shot by Riley Nash.
13:12 of 1st period - Shot Misses the Net.
13:26 of 1st period - Shot by Mike Vecchione.
13:26 of 1st period - Stopped by Brandon Bussi without a rebound.
13:27 of 1st period - Thomas Tynan wins face-off versus Martin Pospisil in Sound Tigers zone.
13:27 of 1st period - Thomas Tynan is hit by Zach Bogosian.
13:56 of 1st period - Icing by Zach Bogosian.
13:57 of 1st period - Martin Pospisil wins face-off versus Patrick Harper in Sound Tigers zone.
14:27 of 1st period - Shot by Patrick Harper.
14:27 of 1st period - Shot Misses the Net.
14:29 of 1st period - Shot by Garnet Hathaway.
14:29 of 1st period - Goal by Garnet Hathaway - Sound Tigers : 1 - Crunch : 3.
14:30 of 1st period - Riley Nash wins face-off versus Eric Staal in neutral zone.
14:46 of 1st period - Shot by Mason Shaw.
14:46 of 1st period - Stopped by Brandon Bussi without a rebound.
14:47 of 1st period - Thomas Tynan wins face-off versus Rourke Chartier in Sound Tigers zone.
14:54 of 1st period - Shot by Thomas Tynan.
14:54 of 1st period - Stopped by Brandon Bussi without a rebound.
14:55 of 1st period - Rourke Chartier wins face-off versus Riley Nash in Sound Tigers zone.
15:25 of 1st period - Ashton Sautner is hit by Riley Nash and loses puck.
15:36 of 1st period - Icing by Tyler Pitlick.
15:37 of 1st period - Rourke Chartier wins face-off versus Thomas Tynan in Sound Tigers zone.
15:44 of 1st period - Connor Corcoran is hit by Tyler Pitlick.
15:45 of 1st period - Connor Corcoran from Crunch is injured at 15:45 of 1st period (Right Forearm).
15:46 of 1st period - Eric Staal wins face-off versus Thomas Tynan in Crunch zone.
16:34 of 1st period - Blaine Byron is hit by Jaret Anderson-Dolan and loses puck.
17:05 of 1st period - Jack Kopacka is hit by Jaycob Megna and loses puck.
17:11 of 1st period - Icing by Austin Strand.
17:12 of 1st period - Mike Vecchione wins face-off versus Tyler Pitlick in Crunch zone.
17:14 of 1st period - Icing by Jaycob Megna.
17:15 of 1st period - Rourke Chartier wins face-off versus Mike Vecchione in Crunch zone.
17:20 of 1st period - Shot by Rourke Chartier.
17:20 of 1st period - Goal by Rourke Chartier - Sound Tigers : 2 - Crunch : 3.
17:21 of 1st period - Rourke Chartier wins face-off versus Patrick Harper in neutral zone.
17:32 of 1st period - Icing by Ashton Sautner.
17:33 of 1st period - Rourke Chartier wins face-off versus Riley Nash in Sound Tigers zone.
17:48 of 1st period - Shot by Rourke Chartier.
17:48 of 1st period - Stopped by Tyler Parsons without a rebound.
17:49 of 1st period - Jean-Christophe Beaudin wins face-off versus Eric Staal in Crunch zone.
17:49 of 1st period - Jean-Christophe Beaudin is hit by Lukas Sedlak.
18:59 of 1st period - Shot by Jesper Fasth.
18:59 of 1st period - Shot Misses the Net.
19:41 of 1st period - Shot by Axel Andersson.
19:41 of 1st period - Stopped by Brandon Bussi with a rebound.
19:46 of 1st period - Minor Penalty to Christian Wolanin for Holding.
19:47 of 1st period - Lukas Sedlak wins face-off versus Kody Clark in Sound Tigers zone.
Goals for this period are 2 for Sound Tigers vs 3 for Crunch.
Shots for this period are 6 for Sound Tigers vs 26 for Crunch.

2nd period


0:01 of 2nd period - Jean-Christophe Beaudin wins face-off versus Lukas Sedlak in neutral zone.
0:34 of 2nd period - Shot by Mason Shaw.
0:34 of 2nd period - Shot Misses the Net.
1:10 of 2nd period - Shot by Nicolas Aube-Kubel.
1:10 of 2nd period - Stopped by Brandon Bussi without a rebound.
1:11 of 2nd period - Jesper Fasth wins face-off versus Thomas Tynan in Sound Tigers zone.
1:11 of 2nd period - Jesper Fasth is hit by Nicolas Aube-Kubel.
1:22 of 2nd period - Shot by Austin Strand.
1:22 of 2nd period - Shot Blocked by Jesper Fasth.
3:31 of 2nd period - Blaine Byron is hit by Zach Bogosian and loses puck.
3:34 of 2nd period - Shot by Blaine Byron.
3:34 of 2nd period - Stopped by Brandon Bussi without a rebound.
3:35 of 2nd period - Riley Nash wins face-off versus Martin Pospisil in Sound Tigers zone.
5:45 of 2nd period - Tyler Pitlick is hit by Riley Nash and loses puck.
5:49 of 2nd period - Icing by Blaine Byron.
5:50 of 2nd period - Mike Vecchione wins face-off versus Ryan MacInnis in Crunch zone.
5:52 of 2nd period - Kody Clark is hit by Brett Ritchie.
7:20 of 2nd period - Icing by Xavier Bouchard.
7:21 of 2nd period - Eric Staal wins face-off versus Thomas Tynan in Crunch zone.
7:24 of 2nd period - Shot by Jaret Anderson-Dolan.
7:24 of 2nd period - Stopped by Tyler Parsons without a rebound.
7:25 of 2nd period - Rourke Chartier wins face-off versus Riley Nash in Crunch zone.
7:40 of 2nd period - Shot by Riley Nash.
7:40 of 2nd period - Stopped by Brandon Bussi without a rebound.
7:41 of 2nd period - Lukas Sedlak wins face-off versus Thomas Tynan in Sound Tigers zone.
7:41 of 2nd period - Lukas Sedlak is hit by Jean-Christophe Beaudin.
7:49 of 2nd period - Shot by Eric Staal.
7:49 of 2nd period - Shot Misses the Net.
7:53 of 2nd period - Shot by Lukas Sedlak.
7:53 of 2nd period - Shot Misses the Net.
8:09 of 2nd period - Shot by Christian Wolanin.
8:09 of 2nd period - Shot Blocked by Jean-Christophe Beaudin.
8:11 of 2nd period - Shot by Christian Wolanin.
8:11 of 2nd period - Stopped by Tyler Parsons without a rebound.
8:12 of 2nd period - Patrick Harper wins face-off versus Rourke Chartier in Crunch zone.
8:20 of 2nd period - Icing by Travis Dermott.
8:21 of 2nd period - Riley Nash wins face-off versus Rourke Chartier in Sound Tigers zone.
8:24 of 2nd period - Shot by Mason Shaw.
8:24 of 2nd period - Shot Misses the Net.
9:47 of 2nd period - Shot by Jean-Christophe Beaudin.
9:47 of 2nd period - Stopped by Brandon Bussi without a rebound.
9:48 of 2nd period - Ryan MacInnis wins face-off versus Patrick Harper in Sound Tigers zone.
10:11 of 2nd period - Jack Kopacka is hit by Jaycob Megna and loses puck.
10:57 of 2nd period - Shot by Jimmy Vesey.
10:57 of 2nd period - Stopped by Tyler Parsons with a rebound.
10:59 of 2nd period - Shot by Valentin Zykov.
10:59 of 2nd period - Shot Blocked by Garnet Hathaway.
11:04 of 2nd period - Minor Penalty to Jaycob Megna for Tripping.
11:05 of 2nd period - Riley Nash wins face-off versus Eric Staal in Crunch zone.
11:16 of 2nd period - Shot by Christian Wolanin.
11:16 of 2nd period - Stopped by Tyler Parsons without a rebound.
11:17 of 2nd period - Riley Nash wins face-off versus Jaret Anderson-Dolan in Crunch zone.
11:28 of 2nd period - Shot by Christian Wolanin.
11:28 of 2nd period - Goal by Christian Wolanin - Sound Tigers : 3 - Crunch : 3.
11:29 of 2nd period - Brett Ritchie wins face-off versus Mike Vecchione in neutral zone.
12:00 of 2nd period - Shot by Brett Ritchie.
12:00 of 2nd period - Shot Misses the Net.
13:37 of 2nd period - Thomas Tynan is hit by Trevor Van Riemsdyk and loses puck.
14:46 of 2nd period - Shot by Patrick Harper.
14:46 of 2nd period - Stopped by Brandon Bussi without a rebound.
14:47 of 2nd period - Riley Nash wins face-off versus Ryan MacInnis in Sound Tigers zone.
15:29 of 2nd period - Icing by Brett Ritchie.
15:30 of 2nd period - Ryan MacInnis wins face-off versus Patrick Harper in Sound Tigers zone.
15:48 of 2nd period - Icing by Ashton Sautner.
15:49 of 2nd period - Rourke Chartier wins face-off versus Mike Vecchione in Sound Tigers zone.
16:26 of 2nd period - Jesper Fasth is hit by Jaycob Megna.
17:10 of 2nd period - Shot by Mike Vecchione.
17:10 of 2nd period - Stopped by Brandon Bussi without a rebound.
17:11 of 2nd period - Thomas Tynan wins face-off versus Eric Staal in Sound Tigers zone.
17:17 of 2nd period - Icing by Zach Bogosian.
17:18 of 2nd period - Eric Staal wins face-off versus Thomas Tynan in Sound Tigers zone.
18:00 of 2nd period - Christian Wolanin is hit by Jean-Christophe Beaudin and loses puck.
18:07 of 2nd period - Thomas Tynan is hit by Jaret Anderson-Dolan and loses puck.
18:30 of 2nd period - Shot by Markus Phillips.
18:30 of 2nd period - Goal by Markus Phillips - Sound Tigers : 4 - Crunch : 3.
18:31 of 2nd period - Ryan MacInnis wins face-off versus Riley Nash in neutral zone.
18:54 of 2nd period - Shot by Ryan MacInnis.
18:54 of 2nd period - Stopped by Tyler Parsons without a rebound.
18:55 of 2nd period - Patrick Harper wins face-off versus Rourke Chartier in Crunch zone.
19:34 of 2nd period - Shot by Jesper Fasth.
19:34 of 2nd period - Shot Misses the Net.
19:50 of 2nd period - Shot by Jaret Anderson-Dolan.
19:50 of 2nd period - Stopped by Tyler Parsons without a rebound.
19:51 of 2nd period - Ryan MacInnis wins face-off versus Riley Nash in Crunch zone.
Goals for this period are 2 for Sound Tigers vs 0 for Crunch.
Shots for this period are 8 for Sound Tigers vs 6 for Crunch.

3rd period


0:01 of 3rd period - Riley Nash wins face-off versus Rourke Chartier in neutral zone.
0:07 of 3rd period - Icing by Travis Dermott.
0:08 of 3rd period - Rourke Chartier wins face-off versus Riley Nash in Sound Tigers zone.
0:08 of 3rd period - Rourke Chartier is hit by Riley Nash.
0:32 of 3rd period - Shot by Jesper Fasth.
0:32 of 3rd period - Deflect By Tyler Pitlick.
0:32 of 3rd period - Shot Misses the Net.
2:54 of 3rd period - Ryan MacInnis is hit by Paul Bittner and loses puck.
3:11 of 3rd period - Shot by Patrick Harper.
3:11 of 3rd period - Shot Misses the Net.
3:34 of 3rd period - Ashton Sautner is hit by Riley Nash and loses puck.
3:41 of 3rd period - Shot by Travis Dermott.
3:41 of 3rd period - Shot Misses the Net.
4:04 of 3rd period - Ashton Sautner is hit by Paul Bittner.
4:25 of 3rd period - Icing by Mason Shaw.
4:26 of 3rd period - Patrick Harper wins face-off versus Jimmy Vesey in Crunch zone.
4:30 of 3rd period - Axel Andersson is hit by Martin Pospisil and loses puck.
5:05 of 3rd period - Martin Pospisil is hit by Thomas Tynan and loses puck.
5:51 of 3rd period - Shot by Kody Clark.
5:51 of 3rd period - Stopped by Brandon Bussi without a rebound.
5:52 of 3rd period - Mike Vecchione wins face-off versus Rourke Chartier in Sound Tigers zone.
6:45 of 3rd period - Shot by Patrick Harper.
6:45 of 3rd period - Stopped by Brandon Bussi with a rebound.
6:53 of 3rd period - Shot by Jack Kopacka.
6:53 of 3rd period - Stopped by Tyler Parsons without a rebound.
6:54 of 3rd period - Eric Staal wins face-off versus Mike Vecchione in Crunch zone.
7:27 of 3rd period - Shot by Jaret Anderson-Dolan.
7:27 of 3rd period - Stopped by Tyler Parsons without a rebound.
7:28 of 3rd period - Thomas Tynan wins face-off versus Martin Pospisil in Crunch zone.
7:41 of 3rd period - Shot by Thomas Tynan.
7:41 of 3rd period - Shot Misses the Net.
7:43 of 3rd period - Shot by Thomas Tynan.
7:43 of 3rd period - Deflect By Jean-Christophe Beaudin.
7:43 of 3rd period - Stopped by Brandon Bussi without a rebound.
7:44 of 3rd period - Rourke Chartier wins face-off versus Patrick Harper in Sound Tigers zone.
7:57 of 3rd period - Shot by Garnet Hathaway.
7:57 of 3rd period - Stopped by Brandon Bussi with a rebound.
7:59 of 3rd period - Shot by Garnet Hathaway.
7:59 of 3rd period - Stopped by Brandon Bussi with a rebound.
8:32 of 3rd period - Icing by Jaycob Megna.
8:33 of 3rd period - Eric Staal wins face-off versus Thomas Tynan in Crunch zone.
8:42 of 3rd period - Shot by Lukas Sedlak.
8:42 of 3rd period - Stopped by Tyler Parsons without a rebound.
8:43 of 3rd period - Riley Nash wins face-off versus Ryan MacInnis in Crunch zone.
9:04 of 3rd period - Icing by Ashton Sautner.
9:05 of 3rd period - Ryan MacInnis wins face-off versus Thomas Tynan in Sound Tigers zone.
9:24 of 3rd period - Shot by Ashton Sautner.
9:24 of 3rd period - Shot Blocked by Jaycob Megna.
10:06 of 3rd period - Shot by Mason Shaw.
10:06 of 3rd period - Stopped by Brandon Bussi without a rebound.
10:07 of 3rd period - Eric Staal wins face-off versus Patrick Harper in Sound Tigers zone.
10:09 of 3rd period - Icing by Trevor Van Riemsdyk.
10:10 of 3rd period - Riley Nash wins face-off versus Eric Staal in Sound Tigers zone.
10:34 of 3rd period - Off-side.
10:35 of 3rd period - Patrick Harper wins face-off versus Rourke Chartier in neutral zone.
10:37 of 3rd period - Garnet Hathaway is hit by Travis Dermott and loses puck.
10:40 of 3rd period - Shot by Garnet Hathaway.
10:40 of 3rd period - Stopped by Brandon Bussi without a rebound.
10:41 of 3rd period - Thomas Tynan wins face-off versus Rourke Chartier in Sound Tigers zone.
11:45 of 3rd period - Shot by Mason Shaw.
11:45 of 3rd period - Shot Blocked by Lukas Sedlak.
11:47 of 3rd period - Shot by Riley Nash.
11:47 of 3rd period - Shot Blocked by Christian Wolanin.
12:07 of 3rd period - Shot by Riley Nash.
12:07 of 3rd period - Deflect By Mike Vecchione.
12:07 of 3rd period - Shot Misses the Net.
12:22 of 3rd period - Off-side.
12:23 of 3rd period - Patrick Harper wins face-off versus Martin Pospisil in neutral zone.
12:43 of 3rd period - Icing by Paul Bittner.
12:44 of 3rd period - Patrick Harper wins face-off versus Jack Kopacka in Crunch zone.
12:53 of 3rd period - Shot by Garnet Hathaway.
12:53 of 3rd period - Stopped by Brandon Bussi without a rebound.
12:54 of 3rd period - Rourke Chartier wins face-off versus Riley Nash in Sound Tigers zone.
13:16 of 3rd period - Off-side.
13:17 of 3rd period - Eric Staal wins face-off versus Thomas Tynan in neutral zone.
13:26 of 3rd period - Shot by Lukas Sedlak.
13:26 of 3rd period - Shot Misses the Net.
13:28 of 3rd period - Shot by Travis Dermott.
13:28 of 3rd period - Shot Blocked by Axel Andersson.
13:30 of 3rd period - Shot by Travis Dermott.
13:30 of 3rd period - Stopped by Tyler Parsons with a rebound.
13:32 of 3rd period - Shot by Jaret Anderson-Dolan.
13:32 of 3rd period - Shot Misses the Net.
13:34 of 3rd period - Shot by Jaret Anderson-Dolan.
13:34 of 3rd period - Stopped by Tyler Parsons without a rebound.
13:35 of 3rd period - Riley Nash wins face-off versus Rourke Chartier in Crunch zone.
14:28 of 3rd period - Shot by Eric Staal.
14:28 of 3rd period - Shot Misses the Net.
14:30 of 3rd period - Shot by Eric Staal.
14:30 of 3rd period - Shot Blocked by Austin Strand.
14:45 of 3rd period - Shot by Lukas Sedlak.
14:45 of 3rd period - Shot Misses the Net.
16:20 of 3rd period - Paul Bittner is hit by Martin Pospisil and loses puck.
16:25 of 3rd period - Shot by Martin Pospisil.
16:25 of 3rd period - Deflect By Valentin Zykov.
16:25 of 3rd period - Stopped by Tyler Parsons without a rebound.
16:26 of 3rd period - Rourke Chartier wins face-off versus Patrick Harper in Crunch zone.
16:26 of 3rd period - Rourke Chartier is hit by Axel Andersson.
16:31 of 3rd period - Shot by Tyler Pitlick.
16:31 of 3rd period - Shot Misses the Net.
16:32 of 3rd period - Minor Penalty to Axel Andersson for Tripping.
16:33 of 3rd period - Jean-Christophe Beaudin wins face-off versus Eric Staal in Crunch zone.
17:05 of 3rd period - Shot by Travis Dermott.
17:05 of 3rd period - Shot Misses the Net.
17:07 of 3rd period - Shot by Ashton Sautner.
17:07 of 3rd period - Shot Misses the Net.
17:09 of 3rd period - Shot by Ashton Sautner.
17:09 of 3rd period - Stopped by Tyler Parsons with a rebound.
17:39 of 3rd period - Shot by Christian Wolanin.
17:39 of 3rd period - Goal by Christian Wolanin - Sound Tigers : 5 - Crunch : 3.
17:40 of 3rd period - Patrick Harper wins face-off versus Ryan MacInnis in neutral zone.
17:54 of 3rd period - Shot by Paul Bittner.
17:54 of 3rd period - Shot Misses the Net.
17:56 of 3rd period - Shot by Paul Bittner.
17:56 of 3rd period - Shot Blocked by Trevor Van Riemsdyk.
18:57 of 3rd period - Eric Staal is hit by Jaycob Megna and loses puck.
19:03 of 3rd period - Lukas Sedlak is hit by Jaycob Megna and loses puck.
19:54 of 3rd period - Shot by Thomas Tynan.
19:54 of 3rd period - Shot Blocked by Ashton Sautner.
19:56 of 3rd period - Shot by Blaine Byron.
19:56 of 3rd period - Deflect By Thomas Tynan.
19:56 of 3rd period - Shot Misses the Net.
19:58 of 3rd period - Shot by Jean-Christophe Beaudin.
19:58 of 3rd period - Stopped by Brandon Bussi without a rebound.
19:59 of 3rd period - Thomas Tynan wins face-off versus Martin Pospisil in Sound Tigers zone.
Goals for this period are 1 for Sound Tigers vs 0 for Crunch.
Shots for this period are 8 for Sound Tigers vs 9 for Crunch.